 Dungeon Crawl Stone Soup version 0.24.0-2-g5b39cebb1c (webtiles) character file.

Game seed: 16311389134050484613, levelgen mode: deterministic

61 H0rd4k the Charlatan (level 4, -3/32 HPs)
             Began as a Human Artificer on Oct 29, 2019.
             Slain by a gnoll
             ... wielding a +0 spear
              (6 damage)
             ... on level 2 of the Dungeon.
             The game lasted 00:02:00 (1413 turns).

H0rd4k the Charlatan (Human Artificer)              Turns: 1413, Time: 00:02:01

Health: -3/32      AC:  3    Str: 14    XL:     4   Next: 27%
Magic:  6/6        EV: 13    Int: 11    God:
Gold:   126        SH:  0    Dex: 13    Spells: 3/3 levels left

rFire    . . .     SeeInvis .   i - +4 dagger
rCold    . . .     Gourm    .   (no shield)
rNeg     . . .     Faith    .   b - +0 leather armour
rPois    .         Spirit   .   (no helmet)
rElec    .         Reflect  .   (no cloak)
rCorr    .         Harm     .   (no gloves)
MR       .....                  (no boots)
Stlth    +.........             (no amulet)
HPRegen  0.10/turn              (no ring)
MPRegen  0.10/turn              (no ring)

@: no status effects
A: no striking features
a: no special abilities


You were on level 2 of the Dungeon.
You were hungry.

You visited 1 branch of the dungeon, and saw 2 of its levels.

You collected 126 gold pieces.

Inventory:

Hand Weapons
 a - a +0 short sword
 i - a +4 dagger (weapon)
Missiles
 l - 8 datura-tipped darts (quivered)
Armour
 b - a +0 leather armour (worn)
 h - a +0 cloak
Jewellery
 o - an uncursed ring of protection from cold {unknown}
Wands
 c - a wand of flame (12)
 d - a wand of enslavement (13)
 e - a wand of random effects (15)
Scrolls
 g - 2 scrolls of amnesia {unknown}
 m - a scroll of remove curse {unknown}
 p - a scroll of immolation {unknown}
Potions
 j - a potion of agility {unknown}
 k - 2 potions of brilliance {unknown}
 n - 2 potions of curing {unknown}
 q - a potion of degeneration {unknown}
Comestibles
 f - 4 rations


   Skills:
 + Level 1.0 Fighting
 + Level 1.5 Short Blades
 + Level 0.9 Armour
 + Level 3.0 Dodging
 + Level 1.0 Stealth
 + Level 3.7 Evocations


You had 3 spell levels left.
You didn't know any spells.
Your spell library was empty.

Dungeon Overview and Level Annotations

Branches:
Dungeon (2/15)

Altars:
Ru


Message History

The gnoll hits you with a +0 spear.
* * * LOW HITPOINT WARNING * * *
Things that are here:
a +0 flail; a quokka corpse You hit the gnoll.
The gnoll is lightly wounded.
The gnoll hits you but does no damage.
You closely miss the gnoll.
The gnoll is lightly wounded.
The gnoll barely misses you.
You hit the gnoll.
The gnoll is moderately wounded.
The gnoll hits you with a +0 spear.
* * * LOW HITPOINT WARNING * * *
You hit the gnoll.
The gnoll is heavily wounded.
The gnoll hits you with a +0 spear.
* * * LOW HITPOINT WARNING * * *
The gnoll hits you from afar with a +0 spear.
You die...

#### #...# ###### #.).#
#.... #...# #... #...#
#..# #...# #..#
##...####..#
#....'@)g..#
####....####......_
###......## ##..##..
#........######..#
#........#....#..###
#.............+..... ###
#....#†###....#.... ...
#....†.###....##.###.###
##....>'...............


You could see a gnoll.

Vanquished Creatures
  A gnoll (D:2)
  2 worms (D:2)
  3 dart slugs (D:1)
  3 giant cockroaches
  A goblin (D:1)
  4 hobgoblins
  4 jackals (D:1)
  A quokka (D:2)
  2 ball pythons (D:1)
  A bat (D:1)
  4 frilled lizards
  8 kobolds
  6 rats
40 creatures vanquished.

Vanquished Creatures (others)
  2 hobgoblins (D:1)
2 creatures vanquished.

Grand Total: 42 creatures vanquished

Notes
Turn   | Place    | Note
-------+----------+-------------------------------------------
     0 | D:1      | H0rd4k the Human Artificer began the quest for the Orb.
     0 | D:1      | Reached XP level 1. HP: 15/15 MP: 3/3
   133 | D:1      | Reached XP level 2. HP: 5/21 MP: 4/4
   779 | D:1      | Reached XP level 3. HP: 21/26 MP: 5/5
  1363 | D:2      | Reached XP level 4. HP: 29/32 MP: 6/6
  1397 | D:2      | Found a sacrificial altar of Ru.
  1413 | D:2      | Slain by a gnoll

Levels and vault maps discovered:
D:1:      evilmike_arrival_hilbert_curve, layout_basic
D:2:      layout_basic, nicolae_overflow_crystal_walls

Skill      XL: |  1  2  3  4 |
---------------+-------------+-----
Dodging        | 3 |  3.0
Fighting       | |  1.0
Short Blades   | |  1.5
Armour         | |  0.9
Stealth        | |  1.0
Evocations     | |  3.7

Action                   |  1- 3 |  4- 6 || total
-------------------------+-------+-------++-------
Melee: Short sword       |    53 |       ||    53
       Dagger            |    69 |    16 ||    85
Evoke: Wand              |     5 |       ||     5
 Stab: Sleeping          |     1 |       ||     1
  Eat: Chunk             |     1 |       ||     1
Armor: Leather armour    |    29 |     2 ||    31
Dodge: Dodged            |    94 |     8 ||   102
